details: 'LOL, inverted fast expo'

« prev index next »

General information

Mini Map

Players

team 1
Humanmu.geN (orange | 71 APM | 1990 actions | 27:59)
Hero icon 5 Archmage
Ability icon 1 Summon Water Elemental
Ability icon 3 Brilliance Aura
Ability icon 1 Blizzard
Hero icon 3 Blood Mage
Ability icon 1 Siphon Mana
Ability icon 2 Flame Strike
Hero icon 2 Mountain King
Ability icon 1 Storm Bolt
Ability icon 1 Thunder Clap

» actions
Assign group hotkey56
Basic commands102
Build / train128
ESC pressed3
Enter build submenu53
Enter hero's abilities submenu10
Give item / drop item2
Right click811
Select / deselect377
Select group hotkey288
Use ability160
1990 total
» units
Peasant31
Footman6
Rifleman2
Gryphon Rider5
Spell Breaker5
49 total
» upgrades
Defend2
Gunpowder3
Masonry3
Swords3
Lumber Harvesting2
Animal War Training1
Magic Sentry1
Storm Hammers1
Armor2
Flare1
Fragmentation Shards1
Barrage1
Sorceress Training1
Control Magic1
23 total
» buildings
Barracks1
Farm18
Altar of Kings1
Keep2
Scout Tower30
Blacksmith2
Lumber Mill1
Arcane Tower6
Guard Tower10
Town Hall3
Castle2
Arcane Sanctum1
Gryphon Aviary4
Arcane Vault1
Workshop1
83 total
» build order
00:06 Barracks
00:29 Farm
00:30 Farm
00:40 Altar of Kings
01:53 Farm
02:08 Farm
03:38 Keep
04:03 Scout Tower
04:07 Blacksmith
04:10 Lumber Mill
05:00 Arcane Tower
05:02 Scout Tower
05:37 Farm
05:38 Farm
06:21 Scout Tower
06:21 Scout Tower
06:22 Scout Tower
06:42 Arcane Tower
06:54 Arcane Tower
06:55 Guard Tower
07:33 Town Hall
07:49 Scout Tower
08:29 Guard Tower
08:31 Scout Tower
08:32 Scout Tower
08:32 Scout Tower
09:09 Guard Tower
09:31 Guard Tower
10:18 Castle
10:46 Farm
10:51 Farm
10:51 Farm
10:51 Farm
11:16 Farm
11:16 Farm
11:18 Arcane Sanctum
11:21 Gryphon Aviary
11:21 Gryphon Aviary
11:58 Scout Tower
12:14 Gryphon Aviary
12:15 Gryphon Aviary
13:09 Guard Tower
13:46 Arcane Vault
13:49 Farm
13:50 Farm
13:50 Farm
14:03 Farm
14:04 Farm
14:25 Scout Tower
14:25 Scout Tower
14:26 Scout Tower
14:27 Scout Tower
14:27 Scout Tower
14:28 Scout Tower
15:38 Guard Tower
16:39 Blacksmith
16:51 Workshop
17:14 Farm
17:37 Keep
19:15 Scout Tower
19:57 Arcane Tower
21:58 Town Hall
22:01 Scout Tower
22:01 Scout Tower
22:02 Scout Tower
22:03 Scout Tower
22:03 Scout Tower
22:05 Scout Tower
22:08 Scout Tower
23:20 Arcane Tower
23:26 Guard Tower
25:36 Castle
26:05 Town Hall
26:08 Scout Tower
26:09 Scout Tower
26:09 Scout Tower
26:10 Scout Tower
26:11 Scout Tower
26:12 Scout Tower
26:19 Guard Tower
26:53 Guard Tower
27:07 Arcane Tower
27:24 Guard Tower
» items
Staff of Sanctuary3
Orb of Fire2
Potion of Healing4
Potion of Mana3
Lesser Clarity Potion2
Boots of Speed2
Periapt of Vitality1
Tome of Retraining1
Mechanical Critter1
Scroll of Regeneration1
20 total
team 2
Humanvdj377 (green | 55 APM | 1530 actions | 27:58)
Hero icon 2 Mountain King
Ability icon 1 Storm Bolt
Ability icon 1 Thunder Clap

» actions
Basic commands5
Build / train70
Enter build submenu53
Enter hero's abilities submenu2
Give item / drop item1
Right click889
Select / deselect445
Use ability65
1530 total
» units
Peasant8
Footman5
Rifleman14
Sorceress5
32 total
» upgrades
Swords1
Lumber Harvesting1
Gunpowder2
Long Rifles1
Sorceress Training2
Armor1
Masonry1
9 total
» buildings
Altar of Kings1
Barracks2
Farm11
Scout Tower28
Lumber Mill1
Guard Tower17
Keep1
Blacksmith1
Arcane Vault2
Castle1
Arcane Sanctum1
Arcane Tower2
68 total
» build order
00:09 Altar of Kings
00:23 Barracks
00:38 Farm
00:53 Farm
01:34 Farm
02:09 Scout Tower
02:14 Lumber Mill
02:20 Farm
02:38 Scout Tower
03:07 Scout Tower
03:13 Farm
03:20 Guard Tower
03:38 Guard Tower
03:41 Scout Tower
03:56 Keep
04:13 Blacksmith
04:28 Arcane Vault
04:53 Guard Tower
04:57 Arcane Vault
05:47 Scout Tower
05:53 Farm
06:24 Guard Tower
06:28 Scout Tower
06:32 Castle
06:43 Barracks
07:02 Guard Tower
07:10 Scout Tower
07:29 Arcane Sanctum
07:48 Guard Tower
08:04 Farm
08:58 Farm
09:51 Scout Tower
10:22 Scout Tower
10:55 Scout Tower
10:57 Scout Tower
14:06 Scout Tower
14:09 Scout Tower
14:20 Scout Tower
14:24 Scout Tower
14:38 Guard Tower
14:42 Scout Tower
14:59 Guard Tower
15:19 Scout Tower
15:21 Guard Tower
15:51 Guard Tower
15:58 Scout Tower
16:08 Scout Tower
16:18 Scout Tower
16:45 Guard Tower
16:47 Scout Tower
16:51 Guard Tower
17:04 Scout Tower
17:15 Guard Tower
17:33 Guard Tower
17:35 Scout Tower
18:10 Guard Tower
18:20 Scout Tower
18:50 Arcane Tower
18:54 Farm
19:01 Scout Tower
19:04 Farm
19:36 Arcane Tower
19:40 Scout Tower
19:48 Farm
20:11 Guard Tower
20:50 Scout Tower
21:21 Scout Tower
26:09 Guard Tower
» items
Lesser Clarity Potion1
Potion of Healing3
Orb of Fire1
5 total